Carolina Hurricanes vs Washington Capitals

Created - jeudi 27 décembre 2018 at 19:00

Goals
1 2 3 T
Carolina Hurricanes 1 0 1 2
Washington Capitals 2 1 2 5
Shots
1 2 3 T
Carolina Hurricanes 9 12 7 28
Washington Capitals 7 15 12 34

1st period

1. Carolina Hurricanes , Evgenii Dadonov 10 (Sebastian Aho 14, Justin Faulk 6) at 7:21
2. Washington Capitals , T.J. Oshie 6 (John Carlson 12, Nicklas Backstrom 14) at 16:37
3. Washington Capitals , Jay Beagle 9 (Matt Niskanen 10, Jussi Jokinen 2) at 19:44

Penalties :
Eric Staal (CAR) for Holding Stick (Minor) at 8:22

2nd period

4. Washington Capitals , Alex Ovechkin 13 (Evgeny Kuznetsov 20, Matt Niskanen 11) at 4:57

Penalties :
No Penalty

3rd period

5. Carolina Hurricanes , Michael Grabner 12 (Elias Lindholm 5, Brett Pesce 6) at 0:08
6. Washington Capitals , Nicklas Backstrom 10 (T.J. Oshie 3, Jordie Benn 6) at 3:19
7. Washington Capitals , Alex Ovechkin 14 (Evgeny Kuznetsov 21, John Carlson 13) at 3:31

Penalties :
Jannik Hansen (CAR) for High sticking (Minor) at 8:42, Dmitry Orlov (WSH) for Slashing (Minor) at 15:23

Goalie Stats

Frederik Andersen (CAR), 29 saves from 34 shots - (0.853), L, 8-7-1, 60:00 minutes
Philipp Grubauer (WSH), 26 saves from 28 shots - (0.929), W, 5-3-1, 60:00 minutes

Players Stats for Carolina Hurricanes

Player Name              G  A  P  +/- PIM S  H  SB GA TA FO     MP     PP MP  PK MP  
------------------------------------------------------------------------------------
Brett Pesce              0  1  1   1  0   0  2  2  0  0  0/0    20:31   0:00   1:50 
Casey Cizikas            0  0  0  -1  0   1  2  1  0  0  5/7    12:50   0:00   1:47 
Daniel Winnik            0  0  0  -1  0   2  4  1  0  0  0/0    11:31   0:00   0:20 
Derek Ryan               0  0  0  -1  0   0  2  1  0  0  0/0    13:34   0:00   0:00 
Elias Lindholm           0  1  1   0  0   3  1  1  0  0  13/19  18:39   0:58   1:51 
Eric Staal               0  0  0  -1  2   2  0  0  0  0  7/11   14:40   1:01   0:00 
Erik Johnson             0  0  0  -2  0   1  6  0  0  0  0/0    23:11   0:00   2:08 
Evgenii Dadonov          1  0  1  -1  0   5  1  0  1  0  0/1    14:37   1:01   0:00 
Jaccob Slavin            0  0  0   1  0   0  1  1  1  0  0/0    22:29   0:51   1:50 
Jannik Hansen            0  0  0  -1  2   0  1  1  0  0  0/1    11:01   0:00   0:03 
Jeff Skinner             0  0  0  -1  0   4  1  0  0  0  0/0    13:51   0:00   0:17 
Jordan Staal             0  0  0  -1  0   0  3  1  1  0  4/13   16:14   0:58   1:51 
Justin Faulk             0  1  1  -2  0   1  3  1  0  0  0/0    14:20   1:08   0:00 
Michael Grabner          1  0  1   0  0   1  4  0  1  0  0/0    17:38   0:00   1:47 
Noah Hanifin             0  0  0  -2  0   1  2  2  0  0  0/0    15:06   0:51   0:00 
Ryan Suter               0  0  0  -2  0   1  0  2  1  2  0/0    24:23   1:08   2:08 
Sebastian Aho            0  1  1  -1  0   5  1  0  2  2  1/1    14:37   0:58   0:00 
Taylor Hall              0  0  0   0  0   1  2  0  0  2  0/1    16:48   1:01   0:00 

Players Stats for Washington Capitals

Player Name              G  A  P  +/- PIM S  H  SB GA TA FO     MP     PP MP  PK MP  
------------------------------------------------------------------------------------
Alex Ovechkin            2  0  2   0  0   4  2  0  0  0  1/1    17:52   1:58   0:00 
Brett Connolly           0  0  0   0  0   2  2  0  0  0  0/0    13:03   0:12   0:00 
Chandler Stephenson      0  0  0   1  0   3  2  0  0  0  0/1    11:24   0:00   0:56 
Dmitry Orlov             0  0  0   1  2   1  2  0  0  3  0/0    27:32   0:00   0:00 
Evgeny Kuznetsov         0  2  2   0  0   5  2  0  0  1  8/21   18:02   2:00   0:00 
Jakub Vrana              0  0  0   0  0   0  2  0  0  0  0/0    12:50   0:00   0:00 
Jason Demers             0  0  0   0  0   2  0  0  0  0  0/0     9:55   2:14   1:25 
Jay Beagle               1  0  1   1  0   2  0  0  1  0  1/3    11:16   0:00   1:03 
John Carlson             0  2  2   1  0   0  0  0  2  0  0/0    22:12   2:14   0:34 
Jordie Benn              0  1  1   2  0   1  2  0  0  1  0/0    20:15   0:00   0:34 
Jussi Jokinen            0  1  1   1  0   1  4  0  0  0  0/0    11:05   0:00   0:56 
Justin Williams          0  0  0   2  0   1  4  0  0  0  0/1    18:11   1:51   1:03 
Madison Bowey            0  0  0   0  0   0  2  0  1  0  0/0    14:09   0:00   0:00 
Matt Niskanen            0  2  2   2  0   2  2  0  1  0  0/0    23:18   1:44   1:25 
Nicklas Backstrom        1  1  2   2  0   5  1  2  0  0  9/19   17:15   1:58   0:00 
Patrick Marleau          0  0  0   0  0   3  3  0  1  0  4/6    14:05   2:00   0:00 
T.J. Oshie               1  1  2   2  0   2  3  0  0  1  1/1    17:12   1:55   0:00 
Zach Parise              0  0  0   0  0   0  3  0  0  1  0/1    18:24   1:44   0:00 

3 Stars

1 - T.J. Oshie (WSH)
2 - Alex Ovechkin (WSH)
3 - Nicklas Backstrom (WSH)

Power Play

Carolina Hurricanes - 0 on 1 Attempt(s) - 0.00%
Washington Capitals - 0 on 2 Attempt(s) - 0.00%

Penalty Kill

Carolina Hurricanes - 2 on 2 Attempt(s) - 100.00% - Score 0 goal in Penalty Kill
Washington Capitals - 1 on 1 Attempt(s) - 100.00% - Score 0 goal in Penalty Kill

Team Stat

Carolina Hurricanes - Hits : 36 - Faceoff Wins : 30 - Blocked Shots : 14 - Penalty Minutes : 4
Washington Capitals - Hits : 36 - Faceoff Wins : 24 - Blocked Shots : 2 - Penalty Minutes : 2

Official

Referees : Kevin Pollock and Marc Joannette
Linesman : Jay Sharrers and Trent Knorr

Game Notes

No Game Note

Finance

Level 1 -- Attendance: 10000 (100.00%) -- Ticket Income fr. 800'000
Level 2 -- Attendance: 2000 (100.00%) -- Ticket Income fr. 126'000
Level 3 -- Attendance: 3500 (100.00%) -- Ticket Income fr. 115'500
Level 4 -- Attendance: 1449 (99.93%) -- Ticket Income fr. 28'980
Luxury Box -- Attendance: 50 (100.00%) -- Ticket Income fr. 10'000
Game was played at the Verizon Center.
Total Attendance: 16999 (99.99%)
Total Ticket Income: fr. 1'080'480
Total Income: fr. 1'080'480

Carolina Hurricanes

5 vs 5 Forward 
   Center                   Left Wing                Right Wing               Time % Phy DF OF 
 1 Elias Lindholm           Taylor Hall              Michael Grabner          30     0   0  5  
 2 Eric Staal               Sebastian Aho            Evgenii Dadonov          25     0   0  5  
 3 Jordan Staal             Jeff Skinner             Derek Ryan               25     1   2  2  
 4 Casey Cizikas            Daniel Winnik            Jannik Hansen            20     1   2  2  

5 vs 5 Defense 
   Defense                  Defense                                           Time % Phy DF OF 
 1 Ryan Suter               Erik Johnson                                      40     1   3  1  
 2 Jaccob Slavin            Brett Pesce                                       35     1   2  2  
 3 Justin Faulk             Noah Hanifin                                      25     1   2  2  
 4 Ryan Suter               Erik Johnson                                      0      1   2  2  

PowerPlay Forward 
   Center                   Left Wing                Right Wing               Time % Phy DF OF 
 1 Eric Staal               Taylor Hall              Evgenii Dadonov          50     0   0  5  
 2 Jordan Staal             Sebastian Aho            Elias Lindholm           50     0   0  5  

PowerPlay Defense
   Defense                  Defense                                           Time % Phy DF OF 
 1 Ryan Suter               Justin Faulk                                      50     0   1  4  
 2 Jaccob Slavin            Noah Hanifin                                      50     0   1  4  

Penalty Kill 4 Players Forward 
   Center                   Wing                     Time % Phy DF OF 
 1 Casey Cizikas            Michael Grabner          50     1   4  0  
 2 Jordan Staal             Elias Lindholm           50     0   5  0  

Penalty Kill 4 Players Defense
   Defense                  Defense                  Time % Phy DF OF 
 1 Ryan Suter               Erik Johnson             50     0   5  0  
 2 Jaccob Slavin            Brett Pesce              50     0   5  0  

Penalty Kill - 3 Players Forward 
   Forward                                           Time % Phy DF OF 
 1 Casey Cizikas                                     50     1   4  0  
 2 Jordan Staal                                      50     0   5  0  

Penalty Kill - 3 Players Defense
   Defense                  Defense                  Time % Phy DF OF 
 1 Ryan Suter               Erik Johnson             50     0   5  0  
 2 Jaccob Slavin            Brett Pesce              50     0   5  0  

4 vs 4 Forward 
   Center                   Wing                     Time % Phy DF OF 
 1 Elias Lindholm           Taylor Hall              50     0   3  2  
 2 Eric Staal               Evgenii Dadonov          50     0   3  2  

4 vs 4 Defense
   Defense                  Defense                  Time % Phy DF OF 
 1 Ryan Suter               Erik Johnson             50     0   4  1  
 2 Jaccob Slavin            Brett Pesce              50     0   4  1  

Last Minutes Offensive
   Center                   Left Wing                Right Wing               Defense                  Defense                  
   Eric Staal               Taylor Hall              Evgenii Dadonov          Ryan Suter               Erik Johnson             

Last Minutes Defensive
   Center                   Left Wing                Right Wing               Defense                  Defense                  
   Eric Staal               Taylor Hall              Evgenii Dadonov          Ryan Suter               Erik Johnson             

Goaltenders
Starting : Frederik Andersen        
Backup : Cam Ward                 

Extra Forwards
Normal : Jeff Skinner, Michael Grabner, Casey Cizikas - PP : Jeff Skinner, Michael Grabner - PK : Casey Cizikas
Extra Defensemen
Normal : Justin Faulk, Noah Hanifin, Jaccob Slavin - PP : Justin Faulk - PK : Noah Hanifin, Jaccob Slavin
Penalty Shots
Taylor Hall, Eric Staal, Derek Ryan, Evgenii Dadonov, Sebastian Aho
Custom OT Lines Forwards
Taylor Hall, Eric Staal, Jordan Staal, Evgenii Dadonov, Sebastian Aho, Jeff Skinner, Elias Lindholm, Michael Grabner, Casey Cizikas, Derek Ryan
Custom OT Lines Defensemen
Ryan Suter, Erik Johnson, Jaccob Slavin, Brett Pesce, Justin Faulk

Scratches
Victor Rask (Healthy), Casey DeSmith (Healthy)

Washington Capitals

5 vs 5 Forward 
   Center                   Left Wing                Right Wing               Time % Phy DF OF 
 1 Evgeny Kuznetsov         Zach Parise              Alex Ovechkin            30     1   1  3  
 2 Nicklas Backstrom        Justin Williams          T.J. Oshie               30     1   1  3  
 3 Patrick Marleau          Brett Connolly           Jakub Vrana              23     1   1  3  
 4 Jay Beagle               Chandler Stephenson      Jussi Jokinen            17     2   2  1  

5 vs 5 Defense 
   Defense                  Defense                                           Time % Phy DF OF 
 1 John Carlson             Dmitry Orlov                                      35     1   3  1  
 2 Matt Niskanen            Jordie Benn                                       33     1   3  1  
 3 Dmitry Orlov             Madison Bowey                                     25     1   3  1  
 4 John Carlson             Dmitry Orlov                                      7      1   3  1  

PowerPlay Forward 
   Center                   Left Wing                Right Wing               Time % Phy DF OF 
 1 Nicklas Backstrom        Alex Ovechkin            T.J. Oshie               50     0   0  5  
 2 Evgeny Kuznetsov         Patrick Marleau          Justin Williams          50     0   0  5  

PowerPlay Defense
   Defense                  Defense                                           Time % Phy DF OF 
 1 John Carlson             Jason Demers                                      50     0   1  4  
 2 Matt Niskanen            Zach Parise                                       50     0   1  4  

Penalty Kill 4 Players Forward 
   Center                   Wing                     Time % Phy DF OF 
 1 Jay Beagle               Justin Williams          50     0   4  1  
 2 Chandler Stephenson      Jussi Jokinen            50     0   4  1  

Penalty Kill 4 Players Defense
   Defense                  Defense                  Time % Phy DF OF 
 1 Matt Niskanen            Dmitry Orlov             50     1   3  1  
 2 John Carlson             Jordie Benn              50     1   3  1  

Penalty Kill - 3 Players Forward 
   Forward                                           Time % Phy DF OF 
 1 Jay Beagle                                        50     1   4  0  
 2 Chandler Stephenson                               50     1   4  0  

Penalty Kill - 3 Players Defense
   Defense                  Defense                  Time % Phy DF OF 
 1 Matt Niskanen            Dmitry Orlov             50     1   4  0  
 2 John Carlson             Jason Demers             50     1   4  0  

4 vs 4 Forward 
   Center                   Wing                     Time % Phy DF OF 
 1 Nicklas Backstrom        Alex Ovechkin            50     0   1  4  
 2 Evgeny Kuznetsov         Patrick Marleau          50     0   1  4  

4 vs 4 Defense
   Defense                  Defense                  Time % Phy DF OF 
 1 John Carlson             Dmitry Orlov             50     1   3  1  
 2 Matt Niskanen            Madison Bowey            50     1   3  1  

Last Minutes Offensive
   Center                   Left Wing                Right Wing               Defense                  Defense                  
   Evgeny Kuznetsov         Alex Ovechkin            T.J. Oshie               Zach Parise              John Carlson             

Last Minutes Defensive
   Center                   Left Wing                Right Wing               Defense                  Defense                  
   Jay Beagle               Justin Williams          Chandler Stephenson      Dmitry Orlov             John Carlson             

Goaltenders
Starting : Philipp Grubauer         
Backup : Braden Holtby            

Extra Forwards
Normal : Alex Ovechkin, Justin Williams, Nicklas Backstrom - PP : Nicklas Backstrom, Alex Ovechkin - PK : Alex Ovechkin
Extra Defensemen
Normal : Jason Demers, Dmitry Orlov, John Carlson - PP : Jordie Benn - PK : Jason Demers, John Carlson
Penalty Shots
Alex Ovechkin, Chandler Stephenson, Evgeny Kuznetsov, Nicklas Backstrom, Jay Beagle
Custom OT Lines Forwards
Nicklas Backstrom, Alex Ovechkin, Evgeny Kuznetsov, Zach Parise, Patrick Marleau, Justin Williams, Jay Beagle, Brett Connolly, Chandler Stephenson, Jakub Vrana
Custom OT Lines Defensemen
John Carlson, Jason Demers, Dmitry Orlov, Jordie Benn, Madison Bowey

Scratches
Ryan Carpenter (Healthy)

% Time on Ice - Carolina Hurricanes

Lines # - Real PCT - Wanted PCT - Time Play
Normal Forward
1 - 29% - 30% - 15:51
2 - 25% - 25% - 13:39
3 - 25% - 25% - 13:34
4 - 20% - 20% - 10:59
Normal Defense
1 - 39% - 40% - 21:07
2 - 37% - 35% - 19:46
3 - 24% - 25% - 13:10
4 - 0% - 0% - 0:00
PP Forward
1 - 51% - 50% - 1:01
2 - 49% - 50% - 0:58
PP Defense
1 - 57% - 50% - 1:08
2 - 43% - 50% - 0:51
PK Forward
1 - 53% - 50% - 2:07
2 - 47% - 50% - 1:51
PK Defense
1 - 54% - 50% - 2:08
2 - 46% - 50% - 1:50
PK3 Forward
1 - 0% - 50%
2 - 0% - 50%
PK3 Defense
1 - 0% - 50%
2 - 0% - 50%
44 Forward
1 - 0% - 50%
2 - 0% - 50%
44 Defense
1 - 0% - 50%
2 - 0% - 50%
Last Minute Offensive  - 0:00
Last Minute Defensive  - 0:00
Total
Forward - 60:00
Defense - 60:00

% Time on Ice - Washington Capitals

Lines # - Real PCT - Wanted PCT - Time Play
Normal Forward
1 - 29% - 30% - 15:50
2 - 28% - 30% - 15:14
3 - 24% - 23% - 12:50
4 - 19% - 17% - 10:09
Normal Defense
1 - 33% - 35% - 17:38
2 - 38% - 33% - 20:39
3 - 26% - 25% - 14:09
4 - 3% - 7% - 1:37
PP Forward
1 - 50% - 50% - 1:58
2 - 50% - 50% - 2:00
PP Defense
1 - 56% - 50% - 2:14
2 - 44% - 50% - 1:44
PK Forward
1 - 53% - 50% - 1:03
2 - 47% - 50% - 0:56
PK Defense
1 - 71% - 50% - 1:25
2 - 29% - 50% - 0:34
PK3 Forward
1 - 0% - 50%
2 - 0% - 50%
PK3 Defense
1 - 0% - 50%
2 - 0% - 50%
44 Forward
1 - 0% - 50%
2 - 0% - 50%
44 Defense
1 - 0% - 50%
2 - 0% - 50%
Last Minute Offensive  - 0:00
Last Minute Defensive  - 0:00
Total
Forward - 60:00
Defense - 60:00

Play-by-Play

1st period


0:01 of 1st period - Elias Lindholm wins face-off versus Evgeny Kuznetsov in neutral zone.
0:33 of 1st period - Off-side.
0:34 of 1st period - Patrick Marleau wins face-off versus Jordan Staal in neutral zone.
1:41 of 1st period - Justin Faulk is hit by Zach Parise.
2:01 of 1st period - Wrist shot by Jeff Skinner.
2:01 of 1st period - Stopped by Philipp Grubauer with a rebound.
2:57 of 1st period - Ryan Suter is hit by Alex Ovechkin and loses puck.
3:02 of 1st period - Slapshot by Alex Ovechkin.
3:02 of 1st period - Stopped by Frederik Andersen without a rebound.
3:03 of 1st period - Evgeny Kuznetsov wins face-off versus Elias Lindholm in Carolina Hurricanes zone.
3:12 of 1st period - Wrist shot by Evgeny Kuznetsov.
3:12 of 1st period - Stopped by Frederik Andersen with a rebound.
3:14 of 1st period - Slapshot by Jason Demers.
3:14 of 1st period - Stopped by Frederik Andersen without a rebound.
3:15 of 1st period - Jordan Staal wins face-off versus Nicklas Backstrom in Carolina Hurricanes zone.
3:20 of 1st period - Wrist shot by Nicklas Backstrom.
3:20 of 1st period - Shot Blocked by Brett Pesce.
3:50 of 1st period - Icing by Jaccob Slavin.
3:51 of 1st period - Casey Cizikas wins face-off versus Patrick Marleau in Carolina Hurricanes zone.
3:58 of 1st period - Jordie Benn is hit by Jaccob Slavin and loses puck.
4:06 of 1st period - Off-side.
4:07 of 1st period - Elias Lindholm wins face-off versus Evgeny Kuznetsov in neutral zone.
4:57 of 1st period - Snap shot by Sebastian Aho.
4:57 of 1st period - Shot Misses the Net.
4:59 of 1st period - Snap shot by Sebastian Aho.
4:59 of 1st period - Stopped by Philipp Grubauer with a rebound.
5:01 of 1st period - Slapshot by Erik Johnson.
5:01 of 1st period - Stopped by Philipp Grubauer without a rebound.
5:02 of 1st period - Elias Lindholm wins face-off versus Nicklas Backstrom in Washington Capitals zone.
5:47 of 1st period - Jaccob Slavin is hit by Patrick Marleau and loses puck.
5:54 of 1st period - Wrist shot by Evgenii Dadonov.
5:54 of 1st period - Stopped by Philipp Grubauer with a rebound.
6:34 of 1st period - Elias Lindholm is hit by Nicklas Backstrom and loses puck.
7:17 of 1st period - Snap shot by Sebastian Aho.
7:17 of 1st period - Shot Misses the Net.
7:19 of 1st period - Wrist shot by Sebastian Aho.
7:19 of 1st period - Shot Misses the Net.
7:21 of 1st period - Wrist shot by Evgenii Dadonov.
7:21 of 1st period - Goal by Evgenii Dadonov - Carolina Hurricanes : 1 - Washington Capitals : 0.
7:22 of 1st period - Elias Lindholm wins face-off versus Nicklas Backstrom in neutral zone.
7:27 of 1st period - Snap shot by Elias Lindholm.
7:27 of 1st period - Stopped by Philipp Grubauer without a rebound.
7:28 of 1st period - Nicklas Backstrom wins face-off versus Elias Lindholm in Washington Capitals zone.
8:22 of 1st period - Minor Penalty to Eric Staal for Holding Stick.
8:23 of 1st period - Casey Cizikas wins face-off versus Nicklas Backstrom in Carolina Hurricanes zone.
9:18 of 1st period - Brett Pesce is hit by Zach Parise and loses puck.
10:22 of 1st period - Penalty to Eric Staal is over, Eric Staal is back on ice.
10:33 of 1st period - Sebastian Aho is hit by Jussi Jokinen.
10:48 of 1st period - Dmitry Orlov is hit by Jordan Staal and loses puck.
11:13 of 1st period - Nicklas Backstrom is hit by Derek Ryan and loses puck.
11:32 of 1st period - Zach Parise is hit by Brett Pesce and loses puck.
11:58 of 1st period - Evgenii Dadonov is hit by Brett Connolly and loses puck.
12:09 of 1st period - Jordie Benn is hit by Justin Faulk and loses puck.
13:03 of 1st period - Daniel Winnik is hit by Evgeny Kuznetsov and loses puck.
13:49 of 1st period - Daniel Winnik is hit by Justin Williams and loses puck.
14:21 of 1st period - Brett Pesce is hit by Chandler Stephenson and loses puck.
14:43 of 1st period - Jordan Staal is hit by Patrick Marleau and loses puck.
14:56 of 1st period - Zach Parise is hit by Erik Johnson and loses puck.
15:16 of 1st period - Jordie Benn is hit by Daniel Winnik and loses puck.
15:29 of 1st period - Jordie Benn is hit by Michael Grabner and loses puck.
15:52 of 1st period - Slapshot by Eric Staal.
15:52 of 1st period - Stopped by Philipp Grubauer without a rebound.
15:53 of 1st period - Eric Staal wins face-off versus Nicklas Backstrom in Washington Capitals zone.
15:56 of 1st period - Snap shot by Evgenii Dadonov.
15:56 of 1st period - Shot Blocked by Nicklas Backstrom.
15:58 of 1st period - Snap shot by Noah Hanifin.
15:58 of 1st period - Stopped by Philipp Grubauer without a rebound.
15:59 of 1st period - Evgeny Kuznetsov wins face-off versus Elias Lindholm in Washington Capitals zone.
16:01 of 1st period - Icing by Alex Ovechkin.
16:02 of 1st period - Elias Lindholm wins face-off versus Evgeny Kuznetsov in Washington Capitals zone.
16:07 of 1st period - Slapshot by Taylor Hall.
16:07 of 1st period - Shot Misses the Net.
16:35 of 1st period - Snap shot by John Carlson.
16:35 of 1st period - Shot Blocked by Derek Ryan.
16:37 of 1st period - Wrist shot by T.J. Oshie.
16:37 of 1st period - Goal by T.J. Oshie - Carolina Hurricanes : 1 - Washington Capitals : 1.
16:38 of 1st period - Elias Lindholm wins face-off versus Evgeny Kuznetsov in neutral zone.
18:02 of 1st period - Michael Grabner is hit by Zach Parise and loses puck.
18:39 of 1st period - Backhand shot by Alex Ovechkin.
18:39 of 1st period - Stopped by Frederik Andersen with a rebound.
18:41 of 1st period - Snap shot by Jordie Benn.
18:41 of 1st period - Shot Misses the Net.
18:43 of 1st period - Slapshot by Matt Niskanen.
18:43 of 1st period - Shot Misses the Net.
18:45 of 1st period - Slapshot by Matt Niskanen.
18:45 of 1st period - Deflect By Evgeny Kuznetsov.
18:45 of 1st period - Stopped by Frederik Andersen without a rebound.
18:46 of 1st period - Nicklas Backstrom wins face-off versus Jordan Staal in Carolina Hurricanes zone.
19:16 of 1st period - Jannik Hansen is hit by Brett Connolly and loses puck.
19:33 of 1st period - Wrist shot by Sebastian Aho.
19:33 of 1st period - Stopped by Philipp Grubauer without a rebound.
19:34 of 1st period - Jay Beagle wins face-off versus Eric Staal in Washington Capitals zone.
19:34 of 1st period - Jay Beagle is hit by Sebastian Aho.
19:42 of 1st period - Snap shot by Matt Niskanen.
19:42 of 1st period - Shot Blocked by Ryan Suter.
19:44 of 1st period - Snap shot by Jay Beagle.
19:44 of 1st period - Goal by Jay Beagle - Carolina Hurricanes : 1 - Washington Capitals : 2.
19:45 of 1st period - Elias Lindholm wins face-off versus Nicklas Backstrom in neutral zone.
Goals for this period are 1 for Carolina Hurricanes vs 2 for Washington Capitals.
Shots for this period are 9 for Carolina Hurricanes vs 7 for Washington Capitals.

2nd period


0:01 of 2nd period - Nicklas Backstrom wins face-off versus Jordan Staal in neutral zone.
0:04 of 2nd period - Slapshot by Dmitry Orlov.
0:04 of 2nd period - Shot Blocked by Brett Pesce.
0:06 of 2nd period - Snap shot by Nicklas Backstrom.
0:06 of 2nd period - Stopped by Frederik Andersen with a rebound.
0:08 of 2nd period - Slapshot by T.J. Oshie.
0:08 of 2nd period - Stopped by Frederik Andersen with a rebound.
0:26 of 2nd period - Evgeny Kuznetsov is hit by Taylor Hall and loses puck.
0:51 of 2nd period - Ryan Suter is hit by Patrick Marleau and loses puck.
1:10 of 2nd period - Snap shot by Jussi Jokinen.
1:10 of 2nd period - Shot Blocked by Jannik Hansen.
1:12 of 2nd period - Slapshot by Matt Niskanen.
1:12 of 2nd period - Stopped by Frederik Andersen with a rebound.
1:14 of 2nd period - Slapshot by Jay Beagle.
1:14 of 2nd period - Stopped by Frederik Andersen without a rebound.
1:15 of 2nd period - Casey Cizikas wins face-off versus Nicklas Backstrom in Carolina Hurricanes zone.
1:39 of 2nd period - Wrist shot by Casey Cizikas.
1:39 of 2nd period - Shot Blocked by Nicklas Backstrom.
1:49 of 2nd period - Wrist shot by T.J. Oshie.
1:49 of 2nd period - Shot Blocked by Justin Faulk.
1:53 of 2nd period - Wrist shot by T.J. Oshie.
1:53 of 2nd period - Shot Misses the Net.
1:55 of 2nd period - Slapshot by Jordie Benn.
1:55 of 2nd period - Shot Blocked by Daniel Winnik.
1:57 of 2nd period - Slapshot by Matt Niskanen.
1:57 of 2nd period - Shot Misses the Net.
1:59 of 2nd period - Wrist shot by Justin Williams.
1:59 of 2nd period - Stopped by Frederik Andersen with a rebound.
2:01 of 2nd period - Wrist shot by Matt Niskanen.
2:01 of 2nd period - Stopped by Frederik Andersen without a rebound.
2:02 of 2nd period - Evgeny Kuznetsov wins face-off versus Elias Lindholm in Carolina Hurricanes zone.
2:15 of 2nd period - Wrist shot by Evgeny Kuznetsov.
2:15 of 2nd period - Stopped by Frederik Andersen without a rebound.
2:16 of 2nd period - Patrick Marleau wins face-off versus Jordan Staal in Carolina Hurricanes zone.
2:17 of 2nd period - Wrist shot by Jakub Vrana.
2:17 of 2nd period - Shot Misses the Net.
2:29 of 2nd period - Wrist shot by Jeff Skinner.
2:29 of 2nd period - Stopped by Philipp Grubauer without a rebound.
2:30 of 2nd period - Eric Staal wins face-off versus Evgeny Kuznetsov in Washington Capitals zone.
2:39 of 2nd period - Wrist shot by Evgenii Dadonov.
2:39 of 2nd period - Shot Misses the Net.
2:41 of 2nd period - Slapshot by Evgenii Dadonov.
2:41 of 2nd period - Stopped by Philipp Grubauer with a rebound.
2:43 of 2nd period - Slapshot by Eric Staal.
2:43 of 2nd period - Shot Misses the Net.
2:57 of 2nd period - Brett Connolly is hit by Michael Grabner and loses puck.
3:12 of 2nd period - Taylor Hall is hit by Dmitry Orlov and loses puck.
3:23 of 2nd period - Brett Connolly is hit by Taylor Hall.
3:33 of 2nd period - Snap shot by Taylor Hall.
3:33 of 2nd period - Shot Misses the Net.
3:53 of 2nd period - Snap shot by Elias Lindholm.
3:53 of 2nd period - Stopped by Philipp Grubauer without a rebound.
3:54 of 2nd period - Nicklas Backstrom wins face-off versus Jordan Staal in Washington Capitals zone.
3:59 of 2nd period - Brett Pesce is hit by Justin Williams and loses puck.
4:10 of 2nd period - Jordan Staal is hit by T.J. Oshie and loses puck.
4:25 of 2nd period - Derek Ryan is hit by Jussi Jokinen and loses puck.
4:57 of 2nd period - Wrist shot by Alex Ovechkin.
4:57 of 2nd period - Goal by Alex Ovechkin - Carolina Hurricanes : 1 - Washington Capitals : 3.
4:58 of 2nd period - Eric Staal wins face-off versus Evgeny Kuznetsov in neutral zone.
5:23 of 2nd period - Casey Cizikas is hit by T.J. Oshie and loses puck.
5:51 of 2nd period - Wrist shot by Jussi Jokinen.
5:51 of 2nd period - Stopped by Frederik Andersen without a rebound.
5:52 of 2nd period - Nicklas Backstrom wins face-off versus Jordan Staal in Carolina Hurricanes zone.
6:17 of 2nd period - Jordan Staal is hit by Jakub Vrana.
6:21 of 2nd period - Snap shot by Patrick Marleau.
6:21 of 2nd period - Stopped by Frederik Andersen without a rebound.
6:22 of 2nd period - Patrick Marleau wins face-off versus Eric Staal in Carolina Hurricanes zone.
7:05 of 2nd period - Snap shot by T.J. Oshie.
7:05 of 2nd period - Shot Blocked by Noah Hanifin.
7:56 of 2nd period - Patrick Marleau is hit by Erik Johnson and loses puck.
8:21 of 2nd period - Slapshot by Casey Cizikas.
8:21 of 2nd period - Shot Misses the Net.
8:23 of 2nd period - Wrist shot by Erik Johnson.
8:23 of 2nd period - Shot Misses the Net.
8:38 of 2nd period - Taylor Hall is hit by Madison Bowey and loses puck.
8:56 of 2nd period - Icing by Jaccob Slavin.
8:57 of 2nd period - Elias Lindholm wins face-off versus Evgeny Kuznetsov in Carolina Hurricanes zone.
9:28 of 2nd period - Snap shot by Evgenii Dadonov.
9:28 of 2nd period - Shot Misses the Net.
10:26 of 2nd period - Eric Staal is hit by Justin Williams and loses puck.
10:59 of 2nd period - Madison Bowey is hit by Daniel Winnik and loses puck.
11:14 of 2nd period - Snap shot by Nicklas Backstrom.
11:14 of 2nd period - Stopped by Frederik Andersen with a rebound.
11:16 of 2nd period - Slapshot by Jason Demers.
11:16 of 2nd period - Stopped by Frederik Andersen with a rebound.
11:28 of 2nd period - Brett Connolly is hit by Michael Grabner.
11:32 of 2nd period - Ryan Suter is hit by Jakub Vrana.
12:14 of 2nd period - Justin Williams is hit by Casey Cizikas and loses puck.
12:38 of 2nd period - Snap shot by Nicklas Backstrom.
12:38 of 2nd period - Shot Misses the Net.
12:40 of 2nd period - Wrist shot by Nicklas Backstrom.
12:40 of 2nd period - Shot Blocked by Ryan Suter.
12:42 of 2nd period - Wrist shot by Justin Williams.
12:42 of 2nd period - Shot Misses the Net.
13:05 of 2nd period - John Carlson is hit by Erik Johnson and loses puck.
13:12 of 2nd period - Jannik Hansen is hit by Jordie Benn and loses puck.
13:19 of 2nd period - Justin Williams is hit by Noah Hanifin and loses puck.
13:34 of 2nd period - Snap shot by Casey Cizikas.
13:34 of 2nd period - Stopped by Philipp Grubauer with a rebound.
13:42 of 2nd period - Justin Williams is hit by Jannik Hansen and loses puck.
13:58 of 2nd period - Justin Williams is hit by Daniel Winnik and loses puck.
14:07 of 2nd period - Wrist shot by Daniel Winnik.
14:07 of 2nd period - Stopped by Philipp Grubauer without a rebound.
14:08 of 2nd period - Evgeny Kuznetsov wins face-off versus Elias Lindholm in Washington Capitals zone.
14:15 of 2nd period - Dmitry Orlov is hit by Michael Grabner and loses puck.
14:40 of 2nd period - Wrist shot by Evgenii Dadonov.
14:40 of 2nd period - Stopped by Philipp Grubauer with a rebound.
15:20 of 2nd period - Ryan Suter is hit by Jordie Benn and loses puck.
15:36 of 2nd period - Slapshot by Ryan Suter.
15:36 of 2nd period - Stopped by Philipp Grubauer without a rebound.
15:37 of 2nd period - Patrick Marleau wins face-off versus Eric Staal in Washington Capitals zone.
15:54 of 2nd period - Wrist shot by Sebastian Aho.
15:54 of 2nd period - Stopped by Philipp Grubauer with a rebound.
15:56 of 2nd period - Backhand shot by Evgenii Dadonov.
15:56 of 2nd period - Shot Misses the Net.
15:58 of 2nd period - Wrist shot by Eric Staal.
15:58 of 2nd period - Stopped by Philipp Grubauer without a rebound.
15:59 of 2nd period - Jordan Staal wins face-off versus Evgeny Kuznetsov in Washington Capitals zone.
16:31 of 2nd period - Justin Faulk is hit by Matt Niskanen and loses puck.
16:48 of 2nd period - Snap shot by Eric Staal.
16:48 of 2nd period - Shot Misses the Net.
16:50 of 2nd period - Snap shot by Eric Staal.
16:50 of 2nd period - Shot Misses the Net.
16:52 of 2nd period - Slapshot by Justin Faulk.
16:52 of 2nd period - Stopped by Philipp Grubauer without a rebound.
16:53 of 2nd period - Evgeny Kuznetsov wins face-off versus Jordan Staal in Washington Capitals zone.
17:18 of 2nd period - Taylor Hall is hit by Jussi Jokinen and loses puck.
17:23 of 2nd period - Snap shot by John Carlson.
17:23 of 2nd period - Shot Blocked by Elias Lindholm.
17:43 of 2nd period - Off-side.
17:44 of 2nd period - Jordan Staal wins face-off versus Patrick Marleau in neutral zone.
17:53 of 2nd period - Wrist shot by Derek Ryan.
17:53 of 2nd period - Shot Misses the Net.
18:07 of 2nd period - Jakub Vrana is hit by Brett Pesce and loses puck.
18:22 of 2nd period - Jordie Benn is hit by Derek Ryan and loses puck.
18:35 of 2nd period - Wrist shot by Brett Connolly.
18:35 of 2nd period - Stopped by Frederik Andersen without a rebound.
18:36 of 2nd period - Elias Lindholm wins face-off versus Evgeny Kuznetsov in Carolina Hurricanes zone.
18:50 of 2nd period - Snap shot by Taylor Hall.
18:50 of 2nd period - Stopped by Philipp Grubauer without a rebound.
18:51 of 2nd period - Nicklas Backstrom wins face-off versus Evgenii Dadonov in Washington Capitals zone.
18:58 of 2nd period - Snap shot by Sebastian Aho.
18:58 of 2nd period - Stopped by Philipp Grubauer with a rebound.
19:27 of 2nd period - Snap shot by Evgeny Kuznetsov.
19:27 of 2nd period - Stopped by Frederik Andersen with a rebound.
19:37 of 2nd period - Erik Johnson is hit by Jussi Jokinen and loses puck.
19:44 of 2nd period - Snap shot by Chandler Stephenson.
19:44 of 2nd period - Stopped by Frederik Andersen without a rebound.
19:45 of 2nd period - Eric Staal wins face-off versus Nicklas Backstrom in Carolina Hurricanes zone.
19:54 of 2nd period - Evgenii Dadonov is hit by T.J. Oshie and loses puck.
Goals for this period are 0 for Carolina Hurricanes vs 1 for Washington Capitals.
Shots for this period are 12 for Carolina Hurricanes vs 15 for Washington Capitals.

3rd period


0:01 of 3rd period - Elias Lindholm wins face-off versus Evgeny Kuznetsov in neutral zone.
0:04 of 3rd period - Slapshot by Brett Pesce.
0:04 of 3rd period - Deflect By Elias Lindholm.
0:04 of 3rd period - Stopped by Philipp Grubauer with a rebound.
0:08 of 3rd period - Snap shot by Michael Grabner.
0:08 of 3rd period - Goal by Michael Grabner - Carolina Hurricanes : 2 - Washington Capitals : 3.
0:09 of 3rd period - Eric Staal wins face-off versus Zach Parise in neutral zone.
1:02 of 3rd period - Wrist shot by Jay Beagle.
1:02 of 3rd period - Deflect By Chandler Stephenson.
1:02 of 3rd period - Shot Misses the Net.
1:02 of 3rd period - Puck is out of play.
1:03 of 3rd period - Sebastian Aho wins face-off versus Evgeny Kuznetsov in Carolina Hurricanes zone.
1:28 of 3rd period - Ryan Suter is hit by Matt Niskanen and loses puck.
1:52 of 3rd period - Madison Bowey is hit by Erik Johnson.
2:12 of 3rd period - Jeff Skinner is hit by Alex Ovechkin and loses puck.
2:25 of 3rd period - Snap shot by Jeff Skinner.
2:25 of 3rd period - Deflect By Jordan Staal.
2:25 of 3rd period - Shot Misses the Net.
2:25 of 3rd period - Puck is out of play.
2:26 of 3rd period - Elias Lindholm wins face-off versus Nicklas Backstrom in Washington Capitals zone.
2:29 of 3rd period - Snap shot by Taylor Hall.
2:29 of 3rd period - Shot Misses the Net.
2:41 of 3rd period - Jaccob Slavin is hit by Justin Williams and loses puck.
2:52 of 3rd period - Evgeny Kuznetsov is hit by Evgenii Dadonov and loses puck.
3:05 of 3rd period - Wrist shot by Sebastian Aho.
3:05 of 3rd period - Stopped by Philipp Grubauer without a rebound.
3:06 of 3rd period - Nicklas Backstrom wins face-off versus Casey Cizikas in Washington Capitals zone.
3:13 of 3rd period - Slapshot by T.J. Oshie.
3:13 of 3rd period - Shot Misses the Net.
3:15 of 3rd period - Slapshot by Jordie Benn.
3:15 of 3rd period - Stopped by Frederik Andersen with a rebound.
3:17 of 3rd period - Snap shot by Nicklas Backstrom.
3:17 of 3rd period - Shot Misses the Net.
3:19 of 3rd period - Snap shot by T.J. Oshie.
3:19 of 3rd period - Deflect By Nicklas Backstrom.
3:19 of 3rd period - Goal by Nicklas Backstrom - Carolina Hurricanes : 2 - Washington Capitals : 4.
3:20 of 3rd period - Evgeny Kuznetsov wins face-off versus Taylor Hall in neutral zone.
3:31 of 3rd period - Snap shot by Alex Ovechkin.
3:31 of 3rd period - Goal by Alex Ovechkin - Carolina Hurricanes : 2 - Washington Capitals : 5.
3:32 of 3rd period - Alex Ovechkin wins face-off versus Eric Staal in neutral zone.
3:39 of 3rd period - Snap shot by Evgeny Kuznetsov.
3:39 of 3rd period - Shot Misses the Net.
3:57 of 3rd period - Justin Williams is hit by Jeff Skinner and loses puck.
4:06 of 3rd period - Snap shot by Nicklas Backstrom.
4:06 of 3rd period - Shot Misses the Net.
4:45 of 3rd period - Casey Cizikas is hit by Madison Bowey and loses puck.
5:12 of 3rd period - Evgeny Kuznetsov is hit by Noah Hanifin and loses puck.
5:35 of 3rd period - Snap shot by Justin Williams.
5:35 of 3rd period - Shot Misses the Net.
5:37 of 3rd period - Backhand shot by Matt Niskanen.
5:37 of 3rd period - Deflect By Nicklas Backstrom.
5:37 of 3rd period - Stopped by Frederik Andersen without a rebound.
5:38 of 3rd period - Elias Lindholm wins face-off versus Jay Beagle in Carolina Hurricanes zone.
6:03 of 3rd period - Evgeny Kuznetsov is hit by Casey Cizikas and loses puck.
6:27 of 3rd period - Nicklas Backstrom is hit by Jordan Staal and loses puck.
6:40 of 3rd period - Snap shot by Jeff Skinner.
6:40 of 3rd period - Stopped by Philipp Grubauer with a rebound.
6:50 of 3rd period - Slapshot by John Carlson.
6:50 of 3rd period - Deflect By Patrick Marleau.
6:50 of 3rd period - Deflect By Brett Pesce.
6:50 of 3rd period - Stopped by Frederik Andersen with a rebound.
6:52 of 3rd period - Snap shot by Brett Connolly.
6:52 of 3rd period - Stopped by Frederik Andersen with a rebound.
7:32 of 3rd period - Snap shot by Patrick Marleau.
7:32 of 3rd period - Stopped by Frederik Andersen without a rebound.
7:33 of 3rd period - Evgeny Kuznetsov wins face-off versus Jordan Staal in Carolina Hurricanes zone.
7:52 of 3rd period - Evgeny Kuznetsov is hit by Jordan Staal and loses puck.
7:56 of 3rd period - Icing by Evgeny Kuznetsov.
7:57 of 3rd period - Elias Lindholm wins face-off versus Evgeny Kuznetsov in Washington Capitals zone.
8:31 of 3rd period - Snap shot by Alex Ovechkin.
8:31 of 3rd period - Shot Blocked by Jaccob Slavin.
8:33 of 3rd period - Snap shot by Evgeny Kuznetsov.
8:33 of 3rd period - Shot Misses the Net.
8:35 of 3rd period - Wrist shot by Evgeny Kuznetsov.
8:35 of 3rd period - Stopped by Frederik Andersen without a rebound.
8:36 of 3rd period - T.J. Oshie wins face-off versus Jannik Hansen in Carolina Hurricanes zone.
8:42 of 3rd period - Minor Penalty to Jannik Hansen for High sticking.
8:43 of 3rd period - Nicklas Backstrom wins face-off versus Casey Cizikas in Carolina Hurricanes zone.
8:51 of 3rd period - Snap shot by Alex Ovechkin.
8:51 of 3rd period - Shot Misses the Net.
8:57 of 3rd period - Snap shot by T.J. Oshie.
8:57 of 3rd period - Deflect By Nicklas Backstrom.
8:57 of 3rd period - Stopped by Frederik Andersen with a rebound.
9:07 of 3rd period - Jaccob Slavin is hit by Evgeny Kuznetsov.
9:39 of 3rd period - Matt Niskanen is hit by Erik Johnson and loses puck.
10:42 of 3rd period - Penalty to Jannik Hansen is over, Jannik Hansen is back on ice.
11:41 of 3rd period - Icing by Noah Hanifin.
11:42 of 3rd period - Evgeny Kuznetsov wins face-off versus Jordan Staal in Carolina Hurricanes zone.
11:49 of 3rd period - Jeff Skinner is hit by Dmitry Orlov and loses puck.
12:30 of 3rd period - Madison Bowey is hit by Daniel Winnik and loses puck.
12:39 of 3rd period - Erik Johnson is hit by Chandler Stephenson and loses puck.
12:59 of 3rd period - Madison Bowey is hit by Erik Johnson.
13:20 of 3rd period - Snap shot by Jussi Jokinen.
13:20 of 3rd period - Shot Misses the Net.
13:22 of 3rd period - Backhand shot by Madison Bowey.
13:22 of 3rd period - Shot Misses the Net.
15:16 of 3rd period - Snap shot by Daniel Winnik.
15:16 of 3rd period - Stopped by Philipp Grubauer without a rebound.
15:17 of 3rd period - Casey Cizikas wins face-off versus Nicklas Backstrom in Washington Capitals zone.
15:20 of 3rd period - Wrist shot by Jannik Hansen.
15:20 of 3rd period - Deflect By Casey Cizikas.
15:20 of 3rd period - Shot Misses the Net.
15:20 of 3rd period - Puck is out of play.
15:21 of 3rd period - Nicklas Backstrom wins face-off versus Elias Lindholm in Washington Capitals zone.
15:23 of 3rd period - Minor Penalty to Dmitry Orlov for Slashing.
15:24 of 3rd period - Eric Staal wins face-off versus Justin Williams in Washington Capitals zone.
15:32 of 3rd period - Matt Niskanen is hit by Justin Faulk and loses puck.
16:00 of 3rd period - Snap shot by Chandler Stephenson.
16:00 of 3rd period - Stopped by Frederik Andersen without a rebound.
16:01 of 3rd period - Eric Staal wins face-off versus Chandler Stephenson in Carolina Hurricanes zone.
16:10 of 3rd period - Slapshot by Taylor Hall.
16:10 of 3rd period - Shot Misses the Net.
16:12 of 3rd period - Snap shot by Evgenii Dadonov.
16:12 of 3rd period - Stopped by Philipp Grubauer with a rebound.
16:26 of 3rd period - Jay Beagle is hit by Justin Faulk.
16:38 of 3rd period - Snap shot by Justin Williams.
16:38 of 3rd period - Shot Blocked by Jordan Staal.
17:11 of 3rd period - Chandler Stephenson is hit by Elias Lindholm.
17:18 of 3rd period - Icing by Elias Lindholm.
17:19 of 3rd period - Jordan Staal wins face-off versus Jay Beagle in Carolina Hurricanes zone.
17:23 of 3rd period - Penalty to Dmitry Orlov is over, Dmitry Orlov is back on ice.
17:36 of 3rd period - Wrist shot by Alex Ovechkin.
17:36 of 3rd period - Shot Blocked by Casey Cizikas.
17:38 of 3rd period - Backhand shot by Dmitry Orlov.
17:38 of 3rd period - Shot Blocked by Noah Hanifin.
17:40 of 3rd period - Snap shot by Zach Parise.
17:40 of 3rd period - Shot Misses the Net.
17:52 of 3rd period - Wrist shot by Jeff Skinner.
17:52 of 3rd period - Stopped by Philipp Grubauer with a rebound.
18:22 of 3rd period - Snap shot by Elias Lindholm.
18:22 of 3rd period - Shot Misses the Net.
18:42 of 3rd period - Snap shot by Chandler Stephenson.
18:42 of 3rd period - Stopped by Frederik Andersen without a rebound.
18:43 of 3rd period - Casey Cizikas wins face-off versus Evgeny Kuznetsov in Carolina Hurricanes zone.
19:14 of 3rd period - Snap shot by Dmitry Orlov.
19:14 of 3rd period - Stopped by Frederik Andersen with a rebound.
19:59 of 3rd period - Slapshot by Sebastian Aho.
19:59 of 3rd period - Deflect By Eric Staal.
19:59 of 3rd period - Shot Misses the Net.
19:59 of 3rd period - Puck is out of play.
Goals for this period are 1 for Carolina Hurricanes vs 2 for Washington Capitals.
Shots for this period are 7 for Carolina Hurricanes vs 12 for Washington Capitals.